AoeStats
← Portearcosol

Enclosed

505434466Analyzed
1v1 RM · 24d ago on Sep 9, 2026· 49m 38s· 2 players
Game mode
Random Map
Map size
Tiny (2 player)
Population
200
Speed
Normal
Resources
Standard
Victory
Conquest
Starting age
Dark Age
Ending age
Imperial Age
RankedLock teamsTeams togetherTeam positionsShared explorationLock speedFull tech treeHidden civsTurbo modeCheats
Victory
Defeat
🇫🇷 Cumans · France
546
+14
🇫🇷 Bohemians · France
504
-14
Portearcosol
9:05 Feudal Age
9:53 Double-Bit Axe
19:27 Padded Archer Armor
19:18 Fletching
20:10 Wheelbarrow
25:05 Castle Age
25:52 Pikeman
26:32 Squires
26:18 Arson
27:54 Bow Saw
32:08 Scale Mail Armor
33:34 Chemistry
38:33 Husbandry
37:56 Light Cavalry
39:05 Horse Collar
47:37 Imperial Age
47:32 Wagenburg Tactics
47:51 Halberdier
manadouiche.mehdi
0:29 Loom
11:19 Feudal Age
12:08 Double-Bit Axe
12:21 Horse Collar
15:51 Wheelbarrow
21:36 Castle Age
22:49 Bloodlines
22:47 Scale Barding Armor
22:54 Forging
22:51 Stone Mining
23:16 Bow Saw
23:53 Hand Cart
24:46 Chain Barding Armor
25:09 Iron Casting
24:41 Gold Mining
24:57 Heavy Plow
28:02 Gold Shaft Mining
36:44 Imperial Age
38:31 Conscription
39:48 Plate Barding Armor
40:16 Blast Furnace
38:55 Cavalier
43:27 Cuman Mercenaries
43:41 Padded Archer Armor
43:32 Fletching
43:43 Scale Mail Armor
44:02 Squires
43:23 Pikeman
44:38 Halberdier
45:02 Capped Ram
Connection lost

Rejoining the realm…

Still unreachable

The connection could not be restored.

Session expired

The server has moved on; the page needs a fresh start.